 Dungeon Crawl Stone Soup version 0.28-a0-991-g956f0ee3d5 (webtiles) character file.

Game seed: 4234435063857869862

7907 Conn the Arsonist (level 11, -4/67 HPs)
             Began as an Octopode Fire Elementalist on Dec 5, 2021.
             Was a Priest of Sif Muna.
             Slain by a centaur warrior (5 damage)
             ... on level 9 of the Dungeon.
             The game lasted 00:47:09 (10650 turns).

Conn the Arsonist (Octopode Fire Elementalist)     Turns: 10650, Time: 00:47:09

Health: -4/67      AC:  5    Str:  9    XL:     11   Next: 22%
Magic:  16/22      EV: 14    Int: 21    God:    Sif Muna [***...]
Gold:   188        SH:  0    Dex: 12    Spells: 6/25 levels left

rFire   + . .      SeeInvis .   x - +7 morningstar "Foodwuih" {holy, rC+}
rCold   + . .      Faith    .   (no shield)
rNeg    + . .      Spirit   .   (helmet restricted)
rPois   +          Reflect  .   (no amulet)
rElec   .          Harm     .   o - ring of poison resistance
rCorr   .          Rampage  .   p - +4 ring of protection
Will    .....                   N - ring of positive energy
Stlth   ++++......              O - ring of protection from fire
HPRegen 0.21/turn               (no ring)
MPRegen 0.18/turn               (no ring)
                                (no ring)
                                (no ring)

@: no status effects
A: almost no armour, amphibious, 8 rings, camouflage 1, gelatinous body 1,
(nimble swimmer 1), tentacles
a: Renounce Religion, Channel Magic, Forget Spell


You were on level 9 of the Dungeon.
You worshipped Sif Muna.
Sif Muna was most pleased with you.
You visited 2 branches of the dungeon, and saw 10 of its levels.
You also visited: Ossuary.

You collected 474 gold pieces.
You spent 286 gold pieces at shops.

Inventory:

Hand Weapons
 a - a +0 dagger of protection
 d - a +1 dagger of freezing
 x - the +7 morningstar "Foodwuih" (weapon) {holy, rC+}
   (You found it on level 6 of the Dungeon)

   It has been blessed by the Shining One to cause great damage to the undead
   and demons.
   rC:        It protects you from cold.
Missiles
 h - 69 poisoned darts (quivered)
 i - a throwing net
 P - a curare-tipped dart
Jewellery
 o - a ring of poison resistance (left tentacle)
 p - a +4 ring of protection (right tentacle)
 N - a ring of positive energy (on tentacle)
 O - a ring of protection from fire (on tentacle)
Wands
 b - a wand of flame (46)
 k - a wand of mindburst (12)
 s - a wand of charming (8)
 v - a wand of paralysis (8)
 y - a wand of acid (11)
 I - a wand of polymorph (5)
 J - a wand of iceblast (13)
Scrolls
 e - 3 scrolls of teleportation
 j - 2 scrolls of enchant weapon {unknown}
 l - 2 scrolls of holy word {unknown}
 m - a scroll of noise
 q - 3 scrolls of blinking {unknown}
 t - a scroll of fog {unknown}
 u - a scroll of brand weapon {unknown}
 w - a scroll of identify
 A - a scroll of enchant armour
 B - a scroll of summoning {unknown}
 F - a scroll of vulnerability {unknown}
 G - a scroll of immolation
 H - a scroll of fear {unknown}
 K - a scroll of acquirement {unknown}
 L - 2 scrolls of torment {unknown}
Potions
 c - 2 potions of might
 f - 3 potions of mutation
 g - 2 potions of curing
 n - 2 potions of attraction {unknown}
 r - 2 potions of magic {unknown}
 z - 2 potions of lignification {unknown}
 C - a potion of haste {unknown}
 D - a potion of brilliance {unknown}
 E - a potion of ambrosia {unknown}
 M - a potion of berserk rage {unknown}


   Skills:
 + Level 3.5 Fighting
 + Level 3.6 Short Blades
 + Level 2.9 Maces & Flails
 + Level 4.1 Dodging
 + Level 5.8 Stealth
 + Level 7.7 Spellcasting
 + Level 5.7 Conjurations
 + Level 2.0 Hexes
 * Level 4.6 Translocations
 + Level 8.6 Fire Magic
 + Level 3.3 Ice Magic
 * Level 4.6 Invocations
 + Level 0.2 Evocations


You had 6 spell levels left.
You knew the following spells:

 Your Spells              Type           Power      Damage    Failure   Level
a - Foxfire               Conj/Fire      100%       2x1d9     1%          1
b - Conjure Flame         Conj/Fire      38%        6-21      1%          3
c - Inner Flame           Hex/Fire       30%        N/A       2%          3
d - Flame Wave            Conj/Fire      38%        2d7       4%          4
e - Scorch                Fire           88%        2d9       1%          2
f - Hailstorm             Conj/Ice       27%        3d7       13%         4
g - Blink                 Tloc           54%        N/A       1%          2

Your spell library contained the following spells:

 Spells                   Type           Power      Damage    Failure   Level
 Freeze                   Ice            84%        1d10      2%          1
 Lesser Beckoning         Tloc           27%        N/A       3%          3
 Frozen Ramparts          Ice            42%        1d6       6%          3
 Sublimation of Blood     Necr           8%         N/A       12%         2
 Manifold Assault         Tloc           27%        N/A       34%         5
 Irradiate                Conj/Tmut      10%        3d16      56%         5
 Petrify                  Tmut/Erth      8%         N/A       63%         4


Dungeon Overview and Level Annotations

Branches:
Dungeon (9/15)             Temple (1/1) D:5         Ossuary (visited)
   Lair: D:8-11         Orc: D:9-12

Altars:
Ashenzari
Cheibriados
Dithmenos
Elyvilon
Fedhas
Gozag
Hepliaklqana
Kikubaaqudgha
Makhleb
Okawaru
Qazlal
Ru
Sif Muna
Uskayaw
Vehumet
Wu Jian
Yredelemnul
Zin
The Shining One

Shops:
D:2 =   D:5 :   D:7 [


Innate Abilities, Weirdness & Mutations

You cannot wear most types of armour.
You are amphibious.
You can wear up to eight rings at the same time.
Your skin changes colour to match your surroundings (Stealth+).
Your rubbery body absorbs attacks. (AC +1, EV +1)
((You are camouflaged near water. (Stealth+)))
You have tentacles for arms and can constrict up to eight enemies at once.


Message History

* * * LOW HITPOINT WARNING * * *
The centaur warrior barely misses you. The centaur warrior hits you!
* * * LOW HITPOINT WARNING * * *
The centaur warrior kicks you.
* * * LOW HITPOINT WARNING * * *
Okay, then.
Okay, then.
You feel better.
The centaur warrior completely misses you.
The centaur warrior kicks you.
* * * LOW HITPOINT WARNING * * *
You feel better. The centaur warrior hits you!
* * * LOW HITPOINT WARNING * * *
The centaur warrior kicks you.
* * * LOW HITPOINT WARNING * * *
The centaur warrior hits you!
* * * LOW HITPOINT WARNING * * *
The centaur warrior kicks you.
* * * LOW HITPOINT WARNING * * *
Unknown command.
Aiming: Paralyse
Press: ? - help, Shift-Dir - straight line, f - centaur warrior
Aim: a centaur warrior, quivering arrows (moderately wounded, more vulnerable to fire, chance to affect: 28%)
Okay, then.
Aiming: Charm
Press: ? - help, Shift-Dir - straight line, f - centaur warrior
Aim: a centaur warrior, quivering arrows (moderately wounded, more vulnerable to fire, chance to affect: 28%)
Okay, then.
Unknown command.
Unknown command.
Unknown command.
Unknown command.
Unknown command.
Unknown command.
Unknown command.
Aiming: Paralyse
Press: ? - help, Shift-Dir - straight line, f - centaur warrior
Aim: a centaur warrior, quivering arrows (moderately wounded, more vulnerable to fire, chance to affect: 28%)
The centaur warrior easily resists.
The centaur warrior hits you.
You die...

################# ###
#...........#...######### ...
#...........#..##..[#.(.## .$.
#......[....#(.##..#..#..## ..
#...........##...#..#..#._# .
#....##>....##.#..#..#.†### #
#....##.......@##...#...###.###
#..............c#########....<.
#.................# .........
#.##'##...........# .........
#...)##.....##....# ..###.###
#..))##.....##....###.. #. #
#.....'............... .. ..
#.....#............... #. ..
####...##............... #. ..


You could see a centaur warrior (combustible).

Vanquished Creatures
  A boulder beetle (D:8)
  Harold (D:9)
  Pikel (D:7)
  A deep elf pyromancer (D:7)
  A komodo dragon (D:6)
  A hornet (D:7)
  Prince Ribbit (D:9)
  Grinder (D:3)
  The ghost of paps the Covert, an amateur OpDe (D:4)
  4 yaks
  Sigmund (D:3)
  2 steam dragons (D:9)
  Edmund (D:5)
  2 acid dragons
  3 water moccasins
  A hornet zombie (D:8)
  An orc warrior (D:8)
  A sky beast (D:8)
  A black bear (D:6)
  An ice beast (D:5)
  4 ogres
  2 lemures (D:7)
  2 kobold brigands
  A phantom (D:5)
  4 bullfrogs
  A gnoll sergeant (D:9)
  3 scorpions
  A water moccasin skeleton (D:4)
  10 killer bees
  A crimson imp (D:8)
  6 centaur zombies
  A hound (D:5)
  2 jellies
  An orc priest (D:6)
  Crazy Yiuf (D:6)
  A gnoll shaman (D:8)
  An iguana (D:4)
  10 orc wizards
  Natasha (D:3)
  2 ogre zombies (Ossuary)
  7 mummies (Ossuary)
  7 adders
  7 gnolls
  2 white imps
  5 adder zombies (Ossuary)
  An adder skeleton (D:4)
  A worm (D:2)
  4 dart slugs
  17 orcs
  3 bats
  7 endoplasms
  6 giant cockroaches
  2 gnoll zombies (Ossuary)
  6 hobgoblins
  2 jackals (D:1)
  3 quokkas
  8 ball pythons
  3 frilled lizards
  12 goblins
  6 goblin zombies (Ossuary)
  2 hobgoblin zombies (Ossuary)
  16 kobolds
  4 kobold zombies (Ossuary)
  An orc zombie (Ossuary)
  3 quokka zombies
  8 rats
  4 rat zombies
  2 butterflies (D:5)
231 creatures vanquished.

Vanquished Creatures (collateral kills)
  2 foxfires (D:5)
2 creatures vanquished.

Vanquished Creatures (others)
  A killer bee (D:6)
  555 foxfires
  8 plants
564 creatures vanquished.

Grand Total: 797 creatures vanquished

Notes
Turn   | Place    | Note
-------+----------+-------------------------------------------
     0 | D:1      | Conn the Octopode Fire Elementalist began the quest for the
                  | Orb.
     0 | D:1      | Reached XP level 1. HP: 11/11 MP: 3/3
   346 | D:1      | Reached XP level 2. HP: 16/17 MP: 0/5
   739 | D:1      | Reached XP level 3. HP: 18/21 MP: 6/6
  1086 | D:2      | Reached XP level 4. HP: 24/27 MP: 0/7
  1197 | D:2      | Found Kimoaph's Jewellery Shop.
  1753 | D:2      | Found a faded altar of an unknown god.
  1932 | D:3      | Learned a level 3 spell: Conjure Flame
  1936 | D:3      | Learned a level 3 spell: Inner Flame
  1959 | D:3      | Noticed Natasha
  1965 | D:3      | Killed Natasha
  1966 | D:3      | Reached skill level 1 in Short Blades
  2042 | D:3      | Reached skill level 4 in Fire Magic
  2043 | D:3      | Reached XP level 5. HP: 31/31 MP: 3/9
  2162 | D:3      | Noticed Grinder
  2169 | D:3      | Killed Grinder
  2170 | D:3      | Reached XP level 6. HP: 35/37 MP: 3/10
  2712 | D:3      | Noticed Sigmund
  2720 | D:3      | Killed Sigmund
  2721 | D:3      | Reached skill level 1 in Fighting
  2721 | D:3      | Reached XP level 7. HP: 40/43 MP: 5/12
  2829 | D:3      | Found an ancient bone altar of Kikubaaqudgha.
  2972 | D:4      | Found a runed translucent gate.
  2972 | D:4      | Found a runed translucent gate.
  2972 | D:4      | Found a runed translucent gate.
  2979 | D:4      | Noticed paps's ghost (amateur OpDe)
  3084 | D:4      | Learned a level 4 spell: Flame Wave
  3087 | D:4      | Learned a level 2 spell: Scorch
  3756 | D:4      | Killed paps's ghost
  3757 | D:4      | Reached skill level 5 in Fire Magic
  3757 | D:4      | Reached XP level 8. HP: 48/48 MP: 6/14
  4129 | D:5      | Entered Level 5 of the Dungeon
  4533 | D:5      | Noticed Edmund
  4544 | D:5      | Reached skill level 5 in Spellcasting
  4555 | D:5      | Killed Edmund
  4799 | D:5      | Reached skill level 5 in Stealth
  4799 | D:5      | Reached skill level 6 in Fire Magic
  4897 | D:5      | Found a staircase to the Ecumenical Temple.
  4901 | D:5      | Found Bytarorumi's Book Boutique.
  4904 | Temple   | Entered the Ecumenical Temple
  4970 | Temple   | Became a worshipper of Sif Muna the Loreminder
  5010 | D:5      | Reached XP level 9. HP: 54/54 MP: 10/17
  5298 | D:5      | Learned a level 4 spell: Hailstorm
  5353 | D:6      | Reached skill level 1 in Hexes
  5542 | D:6      | Noticed a komodo dragon
  5554 | D:6      | Reached skill level 1 in Invocations
  5557 | D:6      | Killed a komodo dragon
  5558 | D:6      | Reached skill level 1 in Ice Magic
  5912 | D:6      | Found a hazy altar of Hepliaklqana.
  6010 | D:5      | Bought a book of Spatial Translocations for 286 gold pieces
  6015 | D:5      | Learned a level 2 spell: Blink
  6244 | D:6      | Found a runed translucent door.
  6245 | D:6      | Noticed Crazy Yiuf
  6257 | D:6      | Killed Crazy Yiuf
  6393 | D:6      | Reached skill level 5 in Conjurations
  6461 | D:6      | Identified the +7 morningstar "Foodwuih" {holy, rC+}
  6667 | D:7      | Reached skill level 7 in Fire Magic
  6817 | D:7      | Noticed a deep elf pyromancer
  6822 | D:7      | Killed a deep elf pyromancer
  6823 | D:7      | Reached skill level 1 in Translocations
  6833 | D:7      | Reached * piety under Sif Muna
  6835 | D:7      | Reached XP level 10. HP: 39/61 MP: 1/20
  6981 | D:7      | Noticed Pikel
  7015 | D:7      | Found Jige's Armour Boutique.
  7026 | D:7      | Found a sand-covered staircase.
  7033 | Ossuary  | Entered an ossuary
  7117 | Ossuary  | Reached skill level 1 in Maces & Flails
  7379 | Ossuary  | Reached ** piety under Sif Muna
  8158 | D:7      | Killed Pikel
  8446 | D:8      | Found an ornate altar of the Wu Jian Council.
  9072 | D:8      | Noticed a boulder beetle
  9074 | D:8      | Noticed a salamander
  9404 | D:8      | Found a burning altar of Makhleb.
  9455 | D:8      | Reached *** piety under Sif Muna
  9792 | D:8      | Killed a boulder beetle
  9793 | D:8      | Reached skill level 8 in Fire Magic
  9800 | D:8      | Reached XP level 11. HP: 27/67 MP: 6/22
  9801 | D:8      | Noticed a centaur warrior
 10038 | D:9      | Noticed Prince Ribbit
 10044 | D:9      | Killed Prince Ribbit
 10249 | D:9      | Noticed a white ugly thing
 10255 | D:9      | HP: 2/67 [killer bee (4)]
 10262 | D:9      | Noticed a green ugly thing
 10295 | D:9      | Noticed Harold
 10304 | D:9      | Killed Harold
 10547 | D:9      | Found a basalt altar of Yredelemnul.
 10640 | D:9      | Noticed a centaur warrior
 10649 | D:9      | HP: 3/67 [centaur warrior (11)]
 10649 | D:9      | HP: 1/67 [centaur warrior (2)]
 10650 | D:9      | Slain by a centaur warrior

Illustrated notes

Levels and vault maps discovered:
D:1:      lightli_arrival_maybe_door_vault, layout_basic
D:2:      layout_rooms, shapermc_ecumenical_altar_mp_vishouse, serial_shops,
          shop
D:3:      layout_basic, mainiacjoe_overflow_boulevard, minivault_25,
          corexii_corridor_pit, uniq_grinder, uniq_natasha, uniq_sigmund
D:4:      layout_cave_pools, gammafunk_ghost_necromancy
D:5:      layout_basic, minmay_temple_entry_butterflies, serial_shops,
          nicolae_shop_crystal, roderic_serpentine_path, serial_bayou_lagoon_b,
          uniq_edmund
D:6:      layout_cave_pools, lemuel_coloured_pillars_altar,
          uniq_crazy_yiuf_cottage
D:7:      layout_basic, serial_shops, kennysheep_mini_moat, enter_ossuary_4,
          uniq_pikel
D:8:      wad_arrow_thing, layout_basic, makhleb_grotto_becter,
          mainiacjoe_overflow_small_starburst
D:9:      minmay_the_grid_octo_tiled_squarecenter [minmay_the_grid_octo_toaster,
          minmay_the_grid_octo_pinwheel, minmay_the_grid_octo_focus,
          minmay_the_grid_octo_clover_2,
          minmay_the_grid_square_5x5_megaprize_open,
          minmay_the_grid_square_5x5_seven, minmay_the_grid_square_5x5_bridge,
          minmay_the_grid_square_5x5_two_walls_a,
          minmay_the_grid_square_5x5_comb], layout_gridville, marbit_many_paths,
          serial_shops, nicolae_shop_advertising_works
          [nicolae_subvault_shop_adworks], uniq_prince_ribbit1, uniq_harold
Temple:   nicolae_temple_great_sept

Skill      XL: |  1  2  3  4  5  6  7  8  9 10 11 |
---------------+----------------------------------+-----
Stealth        | 3 4 5 |  5.8
Short Blades   | 1 2 3 |  3.6
Fire Magic     | 4 5 6 7 8 |  8.6
Spellcasting   | 3 4 5 6 7 |  7.7
Conjurations   | 2 3 4 5 |  5.7
Fighting       | 1 2 3 |  3.5
Dodging        | 3 4 |  4.1
Hexes          | 1 2 |  2.0
Invocations    | 3 4 |  4.6
Ice Magic      | 2 3 |  3.3
Translocations | 1 3 4 |  4.6
Maces & Flails | 2 |  2.9
Evocations     | |  0.2

Action                   |  1- 3 |  4- 6 |  7- 9 | 10-12 || total
-------------------------+-------+-------+-------+-------++-------
Melee: Dagger            |    49 |    48 |    46 |       ||   143
       Unarmed           |     3 |       |       |       ||     3
       Constrict         |    12 |     9 |     9 |    17 ||    47
       Tentacles         |     4 |     3 |     7 |     8 ||    22
       Morningstar       |       |       |    12 |    85 ||    97
 Cast: Foxfire           |    45 |    32 |   141 |   106 ||   324
       Inner Flame       |       |     2 |     3 |    10 ||    15
       Flame Wave        |       |       |     7 |    13 ||    20
       Scorch            |       |       |     4 |    17 ||    21
       Conjure Flame     |       |       |       |     9 ||     9
       Hailstorm         |       |       |       |     8 ||     8
       Blink             |       |       |       |     3 ||     3
Invok: Channel Magic     |       |       |       |     2 ||     2
Evoke: Wand              |       |       |     1 |     8 ||     9
  Use: Scroll            |       |       |     8 |     4 ||    12
       Potion            |       |       |       |     7 ||     7
 Stab: Sleeping          |     3 |     1 |     4 |    14 ||    22
Armor: Skin              |    13 |     8 |    12 |    28 ||    61
Dodge: Dodged            |    29 |    44 |    59 |   104 ||   236

Table legend: (Time is in decaauts)
 A = Elapsed time spent in this place.
 B = Non-inter-level travel time spent in this place.
 C = Inter-level travel time spent in this place.
 D = Time resting spent in this place.
 E = Time spent auto-exploring this place.
 F = Levels seen in this place.
 G = Mean time per level.
                   A        B        C        D        E       F      G
               +--------+--------+--------+--------+--------+-----+--------+
         Total |  10681 |  10567 |    114 |    655 |   7191 |  11 |  971.0 |
       Dungeon |  10031 |   9917 |    114 |    655 |   6828 |   9 | 1114.6 |
        Temple |     83 |     83 |      0 |      0 |     53 |   1 |   83.0 |
       Ossuary |    566 |    566 |      0 |      0 |    310 |   1 |  566.0 |
               +--------+--------+--------+--------+--------+-----+--------+

Top non-repeatable levels by time:
     D:5: 1439 daAuts
     D:8: 1338 daAuts
     D:7: 1310 daAuts
     D:4: 1194 daAuts
     D:1: 1036 daAuts
     D:3: 1014 daAuts
     D:9: 919 daAuts
     D:6: 900 daAuts
     D:2: 877 daAuts
 Ossuary: 566 daAuts
  Temple: 83 daAuts
